 Dungeon Crawl Stone Soup version 0.28.0-1-gb440e238dd (webtiles) character file.

Game seed: 3720325793701038731

1056 jfcaron the Skirmisher (level 8, -3/81 HPs)
             Began as an Ogre Arcane Marksman on Feb 27, 2022.
             Was an Initiate of Elyvilon.
             Splashed by a jelly's acid (10 damage)
             ... on level 6 of the Dungeon on Feb 28, 2022.
             The game lasted 00:25:09 (9726 turns).

jfcaron the Skirmisher (Ogre Arcane Marksman)       Turns: 9726, Time: 00:25:10

Health: -3/81      AC: -9    Str: 17    XL:     8   Next: 26%
Magic:  12/12      EV: 10    Int: 11    God:    Elyvilon [......]
Gold:   199        SH:  0    Dex:  9    Spells: 9/13 levels left

rFire   . . .      SeeInvis .   y - +3 short sword "Wuexoeso" {venom, rPois rC+++ rN+++ Int-3}
rCold   + + +      Faith    .   (no shield)
rNeg    + + +      Spirit   .   a - +0 robe
rPois   +          Reflect  .   (helmet restricted)
rElec   .          Harm     .   (no cloak)
rCorr   .          Rampage  .   (gloves unavailable)
Will    .....                   (boots unavailable)
Stlth   +.........              (no amulet)
HPRegen 0.23/turn               g - ring of protection from cold
MPRegen 0.13/turn               (no ring)

@: corroded
A: large, unfitting armour, tough skin 1
a: Renounce Religion


You were on level 6 of the Dungeon.
You worshipped Elyvilon.
Elyvilon was noncommittal.
You visited 2 branches of the dungeon, and saw 7 of its levels.
You also visited: Ossuary.

You collected 375 gold pieces.
You spent 176 gold pieces at shops.

Inventory:

Hand Weapons
 f - a +0 dagger
 l - a +0 flail
 y - the +3 short sword "Wuexoeso" (weapon) {venom, rPois rC+++ rN+++ Int-3}
   (You bought it in a shop on level 2 of the Dungeon)

   It poisons the flesh of those it strikes.
   Int:       It affects your intelligence (-3).
   rC:        It renders you almost immune to cold.
   rPois:     It protects you from poison.
   rN:        It renders you almost immune to negative energy.
 C - a +3 dagger
 D - the +6 hand axe of Kisoeheko {vorpal, rElec Will- Dex+6}
   (You found it on level 6 of the Dungeon)

   It inflicts extra damage upon your enemies.
   Dex:       It affects your dexterity (+6).
   rElec:     It insulates you from electricity.
   Will:      It decreases your willpower.
Missiles
 c - 2 throwing nets {!f}
 d - 49 arrows
 h - 68 stones (quivered)
 j - 9 poisoned darts
 k - 3 large rocks
 o - 23 sling bullets
 r - 3 boomerangs
Armour
 a - a +0 robe (worn)
Jewellery
 g - a ring of protection from cold (left hand)
 v - a ring of fire
Wands
 q - a wand of polymorph (2)
Scrolls
 b - 6 scrolls of noise
 e - 3 scrolls of teleportation
 m - a scroll of amnesia
 w - a scroll of holy word
 x - 2 scrolls of immolation
 A - a scroll of identify {unknown}
 B - a scroll of silence {unknown}
Potions
 i - a potion of brilliance
 n - 2 potions of heal wounds
 p - 4 potions of curing {unknown}
 s - a potion of magic {unknown}
 t - a potion of cancellation {unknown}
 u - 2 potions of flight {unknown}
 z - a potion of might {unknown}


   Skills:
 + Level 5.4 Fighting
 + Level 4.5 Throwing
 + Level 4.1 Dodging
 - Level 3.0 Spellcasting
 + Level 4.4 Hexes
 + Level 3.1 Translocations


You had 9 spell levels left.
You knew the following spells:

 Your Spells              Type           Power      Damage    Failure   Level
a - Slow                  Hex            44%        N/A       4%          1
b - Portal Projectile     Hex/Tloc       18%        N/A       17%         3

Your spell library contained the following spells:

 Spells                   Type           Power      Damage    Failure   Level
 Gell's Gravitas          Tloc           8%         N/A       22%         3
 Lesser Beckoning         Tloc           8%         N/A       22%         3
 Teleport Other           Tloc           8%         N/A       22%         3
 Inner Flame              Hex/Fire       6%         N/A       32%         3
 Cause Fear               Hex            5%         N/A       38%         4
 Petrify                  Tmut/Erth      1%         N/A       95%         4
 Metabolic Englaciation   Hex/Ice        3%         N/A       96%         5
 Blade Hands              Tmut           0%         N/A       100%        5
 Irradiate                Conj/Tmut      0%         3d14      100%        5
 Statue Form              Tmut/Erth      0%         N/A       100%        6
 Dragon Form              Tmut           0%         N/A       100%        7


Dungeon Overview and Level Annotations

Branches:
Dungeon (6/15)             Temple (1/1) D:5         Ossuary (visited)

Altars:
Cheibriados
Elyvilon
Kikubaaqudgha
Makhleb
Qazlal
Sif Muna
Trog
Uskayaw
Wu Jian
Yredelemnul
Zin
The Shining One

Shops:
D:2 (

Annotations:
D:3 1 runed translucent door, styxcanada's ghost, amateur DEFE


Innate Abilities, Weirdness & Mutations

You are too large for most types of armour.
You have tough skin. (AC +1)


Message History

Found a stone staircase leading down.
Found a stone staircase leading down.
You open the door.
A jelly comes into view.
Found 5 gold pieces.
Found a blue potion.
The jelly quivers.
There is an open door here.
You throw a stone. The stone hits the jelly.
The jelly is lightly wounded.
You hit the jelly.
Your hands burn!
The jelly is moderately wounded.
The jelly hits you. The acid corrodes you!
You are splashed with acid.
You hit the jelly.
Your hands burn!
The jelly is heavily wounded.
The jelly hits you. The acid corrodes you!
You are splashed with acid.
You completely miss the jelly.
The jelly is heavily wounded.
The jelly hits you. The acid corrodes you!
You are splashed with acid!
An orc comes into view. It is wielding a +0 club.
The orc shouts!
You hit the jelly.
Your hands burn!
The jelly is almost dead.
The jelly hits you.
You are splashed with acid!
You are too injured to fight recklessly!
You hit the jelly but do no damage.
Your hands burn!
The jelly is almost dead.
The jelly hits you.
* * * LOW HITPOINT WARNING * * *
You are splashed with acid!
* * * LOW HITPOINT WARNING * * *
You hit the jelly but do no damage.
Your hands burn!
* * * LOW HITPOINT WARNING * * *
The jelly is almost dead.
The orc hits you with a +0 club.
* * * LOW HITPOINT WARNING * * *
The jelly hits you.
* * * LOW HITPOINT WARNING * * *
You are splashed with acid!
You die...

#............
#...
#............
#...
##............
#....
#.............
##...
#.#...........
#..!..
###.##..........
#.....#
#.#.#########...
.#.....##...#
##....
.....(J@'..##
#.....
.#....o###.#
#....[ #.....#
.... #.....
#..... ##.###
##.... ##... #>#
##.... #.... #.#
#..... #... ...
#..... #... ..
#..... ##....


You could see a jelly and an orc.

Vanquished Creatures
  A centaur (D:5)
  An elf zombie (Ossuary)
  Dowan (D:6)
  A bullfrog zombie (D:5)
  3 hounds
  An orc priest (D:4)
  2 jellies (D:5)
  A bullfrog skeleton (D:4)
  3 iron imps (D:3)
  4 human zombies (Ossuary)
  Ijyb (D:3)
  3 orc wizards
  2 hound zombies (Ossuary)
  3 mummies (Ossuary)
  9 adders
  3 gnolls
  An ufetubus (D:6)
  5 adder zombies (Ossuary)
  3 worms
  3 dart slugs
  17 orcs
  5 endoplasms
  A giant cockroach (D:4)
  2 gnoll zombies (Ossuary)
  6 goblins
  8 hobgoblins
  3 jackals (D:3)
  3 kobolds
  A quokka (D:5)
  6 ball pythons
  8 bats
  A frilled lizard (D:1)
  6 goblin zombies
  6 hobgoblin zombies (Ossuary)
  3 jackal zombies (Ossuary)
  3 kobold zombies (Ossuary)
  2 orc zombies (Ossuary)
  2 quokka zombies (Ossuary)
  5 rats
  3 rat zombies
  2 plants (D:2)
144 creatures vanquished.

Notes
Turn   | Place    | Note
-------+----------+-------------------------------------------
     0 | D:1      | jfcaron the Ogre Arcane Marksman began the quest for the
                  | Orb.
     0 | D:1      | Reached XP level 1. HP: 19/19 MP: 2/2
     1 | D:1      | Noticed an electric eel
   555 | D:1      | Reached XP level 2. HP: 12/28 MP: 4/4
  1294 | D:1      | Reached skill level 2 in Fighting
  1609 | D:2      | Reached XP level 3. HP: 27/35 MP: 5/5
  1692 | D:1      | HP: 7/35 [gnoll (3)]
  2515 | D:2      | Reached XP level 4. HP: 37/44 MP: 7/7
  2610 | D:2      | Found a snail-covered altar of Cheibriados.
  3297 | D:2      | Found Sapliug's Antique Weapon Boutique.
  3308 | D:2      | Learned a level 3 spell: Portal Projectile
  3869 | D:3      | Found a runed translucent door.
  3874 | D:3      | Noticed a bullfrog
  3874 | D:3      | Noticed styxcanada's ghost (amateur DEFE)
  3911 | D:3      | Found a burning altar of Makhleb.
  4032 | D:3      | Reached skill level 3 in Fighting
  4032 | D:3      | Reached XP level 5. HP: 53/53 MP: 8/8
  4146 | D:3      | Noticed Ijyb
  4169 | D:3      | Killed Ijyb
  4403 | D:3      | Reached skill level 1 in Translocations
  4709 | D:3      | Reached XP level 6. HP: 47/61 MP: 9/9
  6491 | D:4      | Found a bloodstained altar of Trog.
  6617 | D:2      | Bought a fine short sword for 176 gold pieces
  6617 | D:2      | Identified the +3 short sword "Wuexoeso" {venom, rPois
                  | rC+++ rN+++ Int-3} (You bought it in a shop on level 2 of
                  | the Dungeon)
  6700 | D:5      | Entered Level 5 of the Dungeon
  6725 | D:4      | HP: 12/62 [something (2)]
  6739 | D:4      | Reached skill level 4 in Fighting
  6739 | D:4      | Reached XP level 7. HP: 15/70 MP: 11/11
  7034 | D:5      | Found a sand-covered staircase.
  7041 | Ossuary  | Entered an ossuary
  8774 | D:5      | Reached skill level 5 in Fighting
  8774 | D:5      | Reached XP level 8. HP: 79/80 MP: 12/12
  8946 | D:5      | Found a staircase to the Ecumenical Temple.
  8957 | Temple   | Entered the Ecumenical Temple
  9091 | Temple   | Became a worshipper of Elyvilon the Healer
  9349 | D:6      | Noticed Dowan
  9358 | D:6      | Killed Dowan
  9375 | D:5      | HP: 15/80 [something (6)]
  9375 | D:5      | HP: 7/80 [something (6)]
  9637 | D:6      | Identified the +6 hand axe of Kisoeheko {vorpal, rElec
                  | Will- Dex+6}
  9725 | D:6      | HP: 16/81 [acid (8)]
  9726 | D:6      | HP: 7/81 [jelly (1)]
  9726 | D:6      | Splashed by a jelly's acid

Illustrated notes

Levels and vault maps discovered:
D:1:      arrival_aquarium_a, layout_basic
D:2:      layout_loops_cross, serial_shops, shop_fountains, basic_altar,
          serial_forest, infiniplex_forest_zigzag_2,
          infiniplex_forest_clump_small, infiniplex_forest_lined_3,
          infiniplex_forest_clump_small, minmay_misc_feat_four_crosses
D:3:      layout_basic, demons_altar, ebering_ghost_sewer_d, uniq_ijyb
D:4:      layout_rooms, trog_hazing_becter
D:5:      layout_cave_pools, minmay_temple_entry_hall, enter_ossuary_4
D:6:      wad_pebble_path, layout_rooms, minmay_three_doors, uniq_duvessa
Temple:   cyrus_temple_forest

Skill      XL: |  1  2  3  4  5  6  7  8 |
---------------+-------------------------+-----
Dodging        | 2 3 4 |  4.1
Fighting       | 2 3 4 5 |  5.4
Spellcasting   | 2 3 |  3.0
Hexes          | 3 4 |  4.4
Throwing       | 3 4 |  4.5
Translocations | 1 2 3 |  3.1

Action                   |  1- 3 |  4- 6 |  7- 9 || total
-------------------------+-------+-------+-------++-------
Melee: Unarmed           |    89 |    21 |       ||   110
       Dagger            |    41 |    13 |       ||    54
       Flail             |    10 |    88 |       ||    98
       Short sword       |       |    18 |   237 ||   255
       Punch             |       |     2 |     4 ||     6
Throw: Large rock        |     9 |    20 |     3 ||    32
       Stone             |    49 |    68 |   132 ||   249
       Throwing net      |       |     3 |       ||     3
       Boomerang         |       |    99 |     3 ||   102
       Dart              |       |       |     4 ||     4
 Cast: Slow              |    11 |     3 |       ||    14
  Use: Scroll            |       |     7 |       ||     7
       Potion            |       |     2 |     1 ||     3
 Stab: Sleeping          |     1 |       |       ||     1
Armor: Robe              |    45 |    71 |    46 ||   162
       Skin              |       |     3 |       ||     3
Dodge: Dodged            |    87 |   110 |   128 ||   325
